 Dungeon Crawl Stone Soup version 0.24.0-35-gdb84b6a5db (webtiles) character file.

Game seed: 17216187648825294541, levelgen mode: deterministic

3780 Delamore the Severer (level 10, -3/80 HPs)
             Began as a Hill Orc Fighter on Nov 20, 2019.
             Was an Elder of Okawaru.
             Slain by a yak (8 damage)
             ... on level 8 of the Dungeon.
             The game lasted 00:09:27 (9930 turns).

Delamore the Severer (Hill Orc Fighter)             Turns: 9930, Time: 00:09:27

Health: -3/80      AC:  6    Str: 25    XL:     10   Next: 16%
Magic:  0/10       EV:  7    Int:  8    God:    Okawaru [****..]
Gold:   464        SH:  9    Dex: 10    Spells: 9/9 levels left

rFire    . . .     SeeInvis +   a - +0 war axe
rCold    . . .     Gourm    .   c - +0 shield
rNeg     . . .     Faith    .   b - +0 scale mail
rPois    +         Spirit   +   (no helmet)
rElec    .         Reflect  .   l - scarf {Spirit}
rCorr    .         Harm     .   (no gloves)
MR       .....                  (no boots)
Stlth    ..........             (no amulet)
HPRegen  0.23/turn              o - +2 ring of strength
MPRegen  0.12/turn              D - ring of see invisible

@: slowed, very slow
A: hooves 1, poison resistance
a: Heroism, Renounce Religion


You were on level 8 of the Dungeon.
You worshipped Okawaru.
Okawaru was greatly pleased with you.
You were not hungry.

You visited 2 branches of the dungeon, and saw 10 of its levels.

You collected 464 gold pieces.

Inventory:

Hand Weapons
 a - a +0 war axe (weapon)
Missiles
 i - 12 javelins (quivered)
 y - 5 silver javelins
Armour
 b - a +0 scale mail (worn)
 c - a +0 shield (worn)
 l - a scarf of spirit shield (worn)
 x - a +2 cloak
 z - a +0 pair of boots
Jewellery
 o - a +2 ring of strength (left hand)
 t - an uncursed ring of flight
 C - the ring "Boippu" {Wiz rF+}
   (You found it on level 5 of the Dungeon)

   [ring of wizardry]

   It improves your spell success rate.
   It protects you from fire.
 D - a ring of see invisible (right hand)
Wands
 k - a wand of disintegration (16)
 F - a wand of flame (14)
 L - a wand of iceblast (17)
Scrolls
 e - 2 scrolls of noise {unknown}
 g - 3 scrolls of enchant armour
 h - 5 scrolls of magic mapping
 j - 4 scrolls of remove curse
 n - 4 scrolls of teleportation {unknown}
 r - a scroll of fear {unknown}
 v - 3 scrolls of immolation {unknown}
 A - a scroll of fog {unknown}
 B - a scroll of amnesia {unknown}
 J - a scroll of blinking {unknown}
Potions
 d - a potion of might
 p - 2 potions of agility
 q - 4 potions of degeneration
 s - a potion of cancellation
 u - 3 potions of flight
 w - 2 potions of brilliance
 E - 2 potions of lignification {unknown}
 G - a potion of resistance {unknown}
 H - a potion of ambrosia {unknown}
 I - a potion of mutation
 K - a potion of curing
Comestibles
 f - 25 rations
 M - a chunk of flesh


   Skills:
 + Level 4.4 Fighting
 + Level 17.1 Axes
 - Level 3.2 Armour
 - Level 3.2 Shields


You had 9 spell levels left.
You didn't know any spells.
Your spell library contained the following spells:

 Spells                   Type           Power        Failure   Level  Hunger
 Corona                   Hex            #......      99%         1    ##.....
 Ensorcelled Hibernation  Hex/Ice        #.....       100%        2    ###....
 Confuse                  Hex            #.......     100%        3    ####...
 Dazzling Spray           Conj/Hex       #.....       100%        3    ####...
 Tukima's Dance           Hex            #.......     100%        3    ####...


Dungeon Overview and Level Annotations

Branches:
Dungeon (9/15)             Temple (1/1) D:4
   Lair: D:8-11         Orc: D:9-12

Altars:
Ashenzari
Cheibriados
Dithmenos
Elyvilon
Fedhas
Gozag
Hepliaklqana
Kikubaaqudgha
Makhleb
Nemelex Xobeh
Okawaru
Qazlal
Ru
Sif Muna
Trog
Uskayaw
Vehumet
Wu Jian
Xom
Yredelemnul
Zin
The Shining One

Shops:
D:4 %   D:8 }


Innate Abilities, Weirdness & Mutations

You have large cloven feet.
Your system is resistant to poisons. (rPois)


Message History

The hornet is severely wounded.
You hit the yak. The hornet barely misses you. The yak gores you.
* * * LOW HITPOINT WARNING * * *
You hit the hornet. You kick the hornet.
The hornet is almost dead.
You barely miss the yak. You block the hornet's attack.
You miss the hornet.
The hornet is almost dead.
You slash the yak! You block the yak's attack. The hornet stings you.
* * * LOW HITPOINT WARNING * * *
You feel yourself slow down.
You slash the hornet!
You kill the hornet!
Okawaru accepts your kill.
You feel your dexterity returning.
You completely miss the yak. You block the yak's attack.
You hit the yak but do no damage. You kick the yak.
The yak is heavily wounded.
You block the yak's attack. The yak gores you!
You die...

#.........#####...####
#.#######.##.........##
#.#######.##...._.....#
#.....##..............#
..........#####...###.#
..#...###.# #E#...#E#.#
..#.### #.# ###...###.#
..#.#####.# ##.Y....#
..........#### #@######
.##.#........# #.#
.##.#.######.# #.#
.#....# #.# #.#
......######.# #.#
......##.....# #.#
#.....##.##### #.#
##...###.#######.#
.................#


You could see a yak.

Vanquished Creatures
  Pikel (D:7)
  Psyche (D:8)
  A hornet (D:8)
  A hippogriff (D:7)
  Menkaure (D:6)
  2 orc warriors
  3 slaves (D:7)
  An ice beast (D:7)
  A sky beast (D:8)
  A necrophage (D:7)
  2 phantoms
  2 ogres
  A centaur (D:7)
  4 big kobolds
  2 bullfrogs (D:8)
  3 scorpions (D:7)
  4 killer bees (D:7)
  A howler monkey (D:9)
  2 crimson imps (D:8)
  A bullfrog zombie (D:8)
  A quasit (D:9)
  2 hounds
  2 jellies
  2 bullfrog skeletons
  An orc priest (D:9)
  Crazy Yiuf (D:4)
  3 iguanas
  An orc wizard (D:6)
  5 worker ants
  3 hound skeletons
  A worker ant zombie (D:7)
  3 gnolls (D:4)
  A howler monkey skeleton (D:7)
  10 adders
  2 shadow imps (D:5)
  2 oozes
  An adder skeleton (D:5)
  3 worms
  5 dart slugs
  2 leopard geckos
  11 orcs
  7 giant cockroaches
  6 goblins
  6 hobgoblins
  7 jackals
  8 quokkas
  2 ball pythons
  9 bats
  4 frilled lizards
  A jackal skeleton (D:4)
  19 kobolds
  A leopard gecko skeleton (D:5)
  A leopard gecko zombie (D:5)
  5 rats
173 creatures vanquished.

Notes
Turn   | Place    | Note
-------+----------+-------------------------------------------
     0 | D:1      | Delamore the Hill Orc Fighter began the quest for the Orb.
     0 | D:1      | Reached XP level 1. HP: 19/19 MP: 1/1
    94 | D:1      | Reached skill level 3 in Axes
   205 | D:1      | Reached XP level 2. HP: 25/26 MP: 2/2
   796 | D:2      | Reached skill level 4 in Axes
  1091 | D:2      | Reached XP level 3. HP: 28/31 MP: 3/3
  1111 | D:2      | Reached skill level 5 in Axes
  1367 | D:2      | Found a burning altar of Makhleb.
  1520 | D:2      | Reached XP level 4. HP: 37/39 MP: 4/4
  1705 | D:2      | Found a sacrificial altar of Ru.
  1969 | D:2      | Found a white marble altar of Elyvilon.
  1977 | D:2      | Found a shattered altar of Ashenzari.
  1983 | D:2      | Found an ancient bone altar of Kikubaaqudgha.
  2217 | D:3      | Reached skill level 6 in Axes
  2977 | D:4      | Found a staircase to the Ecumenical Temple.
  2990 | Temple   | Entered the Ecumenical Temple
  3106 | Temple   | Became a worshipper of Warmaster Okawaru
  3176 | D:4      | Reached XP level 5. HP: 16/45 MP: 1/5
  3371 | D:4      | Found an iron altar of Okawaru.
  3389 | D:4      | Reached skill level 7 in Axes
  3429 | D:4      | Found a runed translucent door.
  3430 | D:4      | Noticed Crazy Yiuf
  3441 | D:4      | Killed Crazy Yiuf
  3773 | D:4      | Found Usanez's Food Shoppe.
  4246 | D:5      | Entered Level 5 of the Dungeon
  4364 | D:5      | Reached skill level 8 in Axes
  4364 | D:5      | Reached XP level 6. HP: 28/51 MP: 6/6
  5078 | D:5      | Got a fine bronze ring
  5095 | D:5      | Identified the ring "Boippu" {Wiz rF+} (You found it on
                  | level 5 of the Dungeon)
  5148 | D:5      | Reached skill level 9 in Axes
  5201 | D:5      | Noticed a phantom
  5214 | D:5      | Killed a phantom
  5214 | D:5      | Reached XP level 7. HP: 37/57 MP: 4/7
  5331 | D:5      | Found a glowing golden altar of the Shining One.
  5385 | D:5      | Reached skill level 10 in Axes
  5617 | D:6      | Found a glowing silver altar of Zin.
  5631 | D:6      | Noticed Menkaure
  5638 | D:6      | Killed Menkaure
  5638 | D:6      | Reached * piety under Okawaru
  5857 | D:6      | Gained mutation: You have large cloven feet. [potion of
                  | mutation]
  5857 | D:6      | Gained mutation: Your system is resistant to poisons.
                  | (rPois) [potion of mutation]
  6021 | D:6      | Reached skill level 11 in Axes
  6543 | D:6      | Reached XP level 8. HP: 64/64 MP: 6/8
  6566 | D:6      | Found a radiant altar of Vehumet.
  6796 | D:7      | Reached ** piety under Okawaru
  6796 | D:7      | Reached skill level 12 in Axes
  7138 | D:7      | Found a hazy altar of Hepliaklqana.
  7139 | D:7      | Found a shimmering altar of Xom.
  7140 | D:7      | Noticed a spectral ugly thing
  7465 | D:7      | Reached skill level 13 in Axes
  7614 | D:7      | Noticed Pikel
  7635 | D:7      | Killed Pikel
  7635 | D:7      | Reached skill level 14 in Axes
  7635 | D:7      | Reached XP level 9. HP: 16/70 MP: 3/9
  7924 | D:7      | Found an ornate altar of the Wu Jian Council.
  8124 | D:7      | Reached *** piety under Okawaru
  8226 | D:7      | Reached skill level 15 in Axes
  8756 | D:8      | Noticed Psyche
  8764 | D:8      | Killed Psyche
  8764 | D:8      | Reached **** piety under Okawaru
  8764 | D:8      | Reached skill level 16 in Axes
  8842 | D:8      | Found a hide-covered altar of Uskayaw.
  8864 | D:8      | Noticed a +0 dagger
  8864 | D:8      | Noticed a +0 dagger
  8873 | D:8      | Found a sparkling altar of Nemelex Xobeh.
  9221 | D:8      | Found Palaom's Gadget Emporium.
  9245 | D:8      | Found a stormy altar of Qazlal.
  9461 | D:9      | Reached XP level 10. HP: 73/77 MP: 10/10
  9874 | D:9      | Reached skill level 17 in Axes
  9921 | D:9      | HP: 1/78 [yak (5)]
  9930 | D:8      | Slain by a yak

Levels and vault maps discovered:
D:1:      minmay_arrival_doors, layout_loops_corners
D:2:      layout_basic, overflow_temple_1_default,
          minmay_overflow_temple_star_quad, minivault_19,
          nicolae_ru_the_path_less_chosen
D:3:      layout_basic
D:4:      layout_gridville, minmay_temple_entry_junction_2, serial_shops, shop,
          okawaru_metal_pillars_3, uniq_crazy_yiuf_cottage
D:5:      layout_gridville, tso_oasis_becter, first_ration, dk_vineyard_3
D:6:      layout_basic, vehumet_crystals, zin_statuary, bh_walls_and_bars,
          uniq_menkaure
D:7:      layout_basic, regret_index_temple_of_mockery, lemuel_doored_altar,
          uniq_pikel
D:8:      layout_loops_ring, nemelex_xobeh_ov_fountains_minmay,
          nicolae_qazlal_style_of_elements, dancing_weapons_uskayaw,
          serial_shops, shop, blue_anna_alchemist [blue_anna_fruit_fields,
          blue_anna_fruit_fields], uniq_psyche
D:9:      layout_stronghold, lemuel_old_faithful
Temple:   kb_temple_of_zot

Skill      XL: |  1  2  3  4  5  6  7  8  9 10 |
---------------+-------------------------------+-----
Axes           | 3 4 5 6 8 9 11 14 16 17 | 17.1
Fighting       | 4 |  4.4
Armour         | |  3.2
Shields        | |  3.2

Action                   |  1- 3 |  4- 6 |  7- 9 | 10-12 || total
-------------------------+-------+-------+-------+-------++-------
Melee: War axe           |    86 |   205 |   268 |    58 ||   617
       Kick              |       |       |    54 |    12 ||    66
  Use: Potion            |       |     1 |     3 |     1 ||     5
       Scroll            |       |       |    10 |       ||    10
  Eat: Chunk             |     2 |    11 |    14 |     2 ||    29
Armor: Scale mail        |    42 |    71 |    76 |    26 ||   215
Dodge: Dodged            |    34 |    66 |    79 |    20 ||   199
Block: Shield            |    44 |    82 |   106 |    42 ||   274
